 Dungeon Crawl Stone Soup version 0.32-a0-433-g08bcfe7efd (webtiles) character file.

Game seed: 10957418487513361208

120 Strat the Chopper (level 4, -1/38 HPs)
             Began as a Mountain Dwarf Fighter on Feb 23, 2024.
             Slain by Ijyb
             ... wielding a +0 dagger
              (2 damage)
             ... on level 3 of the Dungeon.
             The game lasted 00:02:56 (1915 turns).

Strat the Chopper (Mountain Dwarf Fighter)          Turns: 1915, Time: 00:02:57

Health: -1/38      AC:  0    Str: 20    XL:     4   Next: 75%
Magic:  4/4        EV:  9    Int:  9    God:
Gold:   31         SH:  4    Dex:  9    Spells: 3/3 levels left

rFire   . . .        a - +0 war axe
rCold   . . .        c - +0 buckler
rNeg    . . .        b - +0 scale mail
rPois   .            (no helmet)
rElec   .            (no cloak)
rCorr   .            (no gloves)
SInv    .            p - +0 pair of boots
Will    .....        (no amulet) Stlth
                     (no ring)
HPRegen 0.26/turn    (no ring)
MPRegen 0.09/turn

%: no passive effects
@: corroded
A: runic magic, artefact enchanting
a: no special abilities


You were on level 3 of the Dungeon.
You visited 1 branch of the dungeon, and saw 3 of its levels.

You collected 143 gold pieces.
You spent 112 gold pieces at shops.

Inventory:

Hand Weapons
 a - a +0 war axe (weapon)
Missiles
 f - 5 poisoned darts (quivered)
 m - 4 darts of dispersal
Armour
 b - a +0 scale mail (worn)
 c - a +0 buckler (worn)
 p - a +0 pair of boots (worn)
Scrolls
 e - 5 scrolls of identify {unknown}
 h - 2 scrolls of poison {unknown}
 i - 3 scrolls of teleportation {unknown}
 j - a scroll of revelation {unknown}
 k - 2 scrolls of vulnerability {unknown}
 l - 2 scrolls of blinking {unknown}
 r - 3 scrolls of summoning {unknown}
 s - a scroll of immolation {unknown}
 t - a scroll of fear {unknown}
Potions
 d - a potion of might
 g - a potion of invisibility {unknown}
 n - 2 potions of curing
 o - 2 potions of attraction {unknown}
 q - a potion of berserk rage
 u - a potion of haste {unknown}


   Skills:
 - Level 3.2 Fighting
 + Level 6.1 Axes
 - Level 3.2 Armour
 - Level 3.2 Shields


You had 3 spell levels left.
You didn't know any spells.
Your spell library contained the following spells:

 Spells                   Type           Power      Damage    Failure   Level
 Sting                    Conj/Alch      0%         1d3       54%         1
 Mercury Vapours          Alch/Air       0%         N/A       69%         2
 Olgreb's Toxic Radiance  Alch           0%         N/A       100%        4


Dungeon Overview and Level Annotations

Branches:
Dungeon (3/15)

Altars:

Shops:
D:2 !

Annotations:
D:3 Ijyb, Natasha


Innate Abilities, Weirdness & Mutations

Your spellcasting is much less encumbered by armour.
You can use scrolls of enchantment on lesser artefacts.


Message History

Ijyb screams, "Me wand stronger than you!"
You start waiting.
Ijyb is nearby!
Ijyb hits you but does no damage.
You barely miss Ijyb.
Ijyb grins evilly.
Ijyb hits you with a +0 dagger.
You barely miss Ijyb.
Ijyb screams, "Don't stand in way of progress!"
Ijyb hits you but does no damage. Ijyb hits you with a +0 dagger.
You hit Ijyb but do no damage. Ijyb closely misses you.
You completely miss Ijyb. Ijyb misses you.
You closely miss Ijyb. Ijyb hits you with a +0 dagger.
You slash Ijyb!
Ijyb is moderately wounded.
Ijyb hits you with a +0 dagger.
You slash Ijyb!
Ijyb is severely wounded.
Ijyb zaps a wand.
The bolt of acid misses you.
Ijyb zaps a wand.
The bolt of acid misses you.
You hear an angry hiss.
You closely miss Ijyb.
Ijyb is severely wounded.
Ijyb zaps a wand.
The bolt of acid hits you!
* * * LOW HITPOINT WARNING * * *
The acid corrodes you!
You barely miss Ijyb.
Ijyb is severely wounded.
Ijyb zaps a wand.
The bolt of acid hits you!
* * * LOW HITPOINT WARNING * * *
The acid corrodes you!
You hit Ijyb but do no damage.
Ijyb is severely wounded.
Ijyb hits you with a +0 dagger.
* * * LOW HITPOINT WARNING * * *
You hit Ijyb but do no damage.
Ijyb is severely wounded.
Ijyb hits you with a +0 dagger.
You die...
Ijyb screams, "Time for next experiment!"

#.....# .# #........#.....
#...#.### # ####...........
##.>#...# #####.....#.....
##.....#### .......#.......
#.##.....#
#####....###.....
#.###†##.#
#......g......... #.#
#..#.# #.####.#..##....†
#.. ##.#.###g# #.#...g.....
##. #.....@.# ##.#####.....
#.###.......###...# #.....
#.##.........###.###.....##
#.##.........##...####...#
#.##.........###.## ......
#.##..S......##...# ....g..
#.##.........###.####......
##.##.........##...#
#......
#<..#........<###.##
#......


You could see Ijyb and a ball python.

Vanquished Creatures
  A hound (D:3)
  5 adders
  A dart slug (D:1)
  5 endoplasms
  3 giant cockroaches
  A goblin (D:2)
  8 hobgoblins
  3 jackals
  3 quokkas
  5 ball pythons
  2 bats (D:2)
  A frilled lizard (D:2)
  3 kobolds
  2 rats (D:2)
  A spectral hobgoblin (D:1)
44 creatures vanquished.

Notes
Turn   | Place    | Note
-------+----------+-------------------------------------------
     0 | D:1      | Strat the Mountain Dwarf Fighter began the quest for the
                  | Orb.
     0 | D:1      | Reached XP level 1. HP: 19/19 MP: 1/1
   100 | D:1      | Reached skill level 3 in Axes
   217 | D:1      | Reached XP level 2. HP: 26/26 MP: 2/2
   549 | D:1      | Found a faded altar of an unknown god.
   698 | D:2      | Reached skill level 4 in Axes
   865 | D:2      | Reached XP level 3. HP: 24/31 MP: 3/3
  1124 | D:2      | Reached skill level 5 in Axes
  1360 | D:2      | Found Dyluplop's Distillery.
  1368 | D:2      | Bought a potion of curing for 42 gold pieces
  1368 | D:2      | Bought a potion of berserk rage for 70 gold pieces
  1419 | D:3      | Reached XP level 4. HP: 38/38 MP: 4/4
  1514 | D:3      | Noticed Ijyb
  1591 | D:3      | Noticed Natasha
  1689 | D:3      | Reached skill level 6 in Axes
  1914 | D:3      | HP: 1/38 [Ijyb/+0 dagger (3)]
  1915 | D:3      | Slain by Ijyb

Illustrated notes

Levels and vault maps discovered:
D:1:      ncdulo_watergridlock, layout_basic,
          dreamdust_ecumenical_altar_drowned_temple, minmay_tetromino_l4
D:2:      layout_loops_cross, serial_glass, glass_columns_a, glass_columns_a,
          serial_shops, shop
D:3:      layout_rooms, minmay_misc_feat_hallway, minmay_stone_trees_large,
          minmay_joined_circles, uniq_grinder, uniq_ijyb, uniq_natasha

Skill      XL: |  1  2  3  4 |
---------------+-------------+-----
Axes           | 3 4 5 6 |  6.1
Fighting       | |  3.2
Armour         | |  3.2
Shields        | |  3.2

Action                     |  1- 3 |  4- 6 || total
---------------------------+-------+-------++-------
  Melee: War axe           |   109 |    38 ||   147
 Armour: Scale mail        |    91 |    34 ||   125
  Dodge: Dodged            |    70 |    19 ||    89
  Block: Buckler           |    22 |     8 ||    30

Table legend: (Time is in decaauts)
 A = Elapsed time spent in this place.
 B = Non-inter-level travel time spent in this place.
 C = Inter-level travel time spent in this place.
 D = Time resting spent in this place.
 E = Time spent auto-exploring this place.
 F = Levels seen in this place.
 G = Mean time per level.
                   A        B        C        D        E       F      G
               +--------+--------+--------+--------+--------+-----+--------+
         Total |   1959 |   1862 |     97 |     78 |   1324 |   3 |  653.0 |
       Dungeon |   1959 |   1862 |     97 |     78 |   1324 |   3 |  653.0 |
               +--------+--------+--------+--------+--------+-----+--------+

Top non-repeatable levels by time:
     D:2: 890 daAuts
     D:1: 640 daAuts
     D:3: 429 daAuts
